 Dungeon Crawl Stone Soup version 0.20.0-15-g7f486f2 (webtiles) character file.

849 KleinerIrrer the Cudgeler (level 8, -4/49 HPs)
             Began as a Gargoyle Fighter on June 25, 2017.
             Slain by an ogre
             ... wielding a cursed +0 giant club
              (27 damage)
             ... on level 4 of the Dungeon.
             The game lasted 00:12:13 (4158 turns).

KleinerIrrer the Cudgeler (Gargoyle Fighter)        Turns: 4158, Time: 00:12:14

Health: -4/49      AC: 10    Str: 22    XL:     8   Next: 1%
Magic:  8/8        EV: 10    Int:  9    God:
Gold:   129        SH: 10    Dex:  9    Spells: 7/7 levels left

rFire    . . .     SeeInvis .   a - +1 flail
rCold    . . .     Gourm    .   c - +0 shield
rNeg     + . .     Faith    .   j - +1 leather armour (curse)
rPois    ∞         Spirit   .   e - +0 helmet
rElec    +         Reflect  .   (no cloak)
rCorr    .         Harm     .   (no gloves)
MR       .....                  (no boots)
Stlth    +.........             (no amulet)
Regen    0.2/turn               (no ring)
MPRegen  0.2/turn               (no ring)

@: no status effects
A: negative energy resistance 1, electricity resistance, unbreathing,
petrification resistance, rot immunity, AC +5
a: no special abilities


You were on level 4 of the Dungeon.
You were not hungry.

You visited 1 branch of the dungeon, and saw 4 of its levels.
You also visited: Ossuary.

You collected 129 gold pieces.

Inventory:

Hand Weapons
 a - a +1 flail (weapon)
Armour
 b - a +0 scale mail
 c - a +0 shield (worn)
 e - a +0 helmet (worn)
 j - a cursed +1 leather armour (worn)
Wands
 k - a wand of iceblast (6/15)
Scrolls
 d - a scroll of amnesia
 r - 2 scrolls of fog
 t - a scroll of teleportation {unknown}
Potions
 f - 2 potions of agility {unknown}
 g - a potion of heal wounds {unknown}
 l - a potion of berserk rage {unknown}
 m - 3 potions of brilliance {unknown}
 n - a potion of ambrosia {unknown}
 q - a potion of degeneration {unknown}
 s - 2 potions of lignification {unknown}
 v - a potion of haste {unknown}
Comestibles
 h - 2 meat rations
 i - 3 royal jellies
 o - a bread ration
 p - a fruit
 u - 7 chunks of flesh


   Skills:
 + Level 5.2 Fighting
 + Level 6.3 Maces & Flails
 + Level 4.1 Armour
 + Level 1.8 Dodging
 + Level 5.2 Shields


You had 7 spell levels left.
You didn't know any spells.

Dungeon Overview and Level Annotations

Branches:
Dungeon (4/15)
 Temple: D:4-7

Altars:
Makhleb
Trog


Innate Abilities, Weirdness & Mutations

You are resistant to torment.
Your stone body is resilient. (AC +5)
You are immune to poison.
You resist negative energy. (rN+)
You are resistant to electric shocks. (rElec)
You can survive without breathing.
You are immune to petrification.
You are immune to rotting.


Message History

You are too injured to fight recklessly!
You are too injured to fight recklessly!
You are too injured to fight recklessly!
You are too injured to fight recklessly!
You are too injured to fight recklessly!
You are too injured to fight recklessly!
You are too injured to fight recklessly!
You are too injured to fight recklessly!
You are too injured to fight recklessly!
You are too injured to fight recklessly!
You are too injured to fight recklessly!
You are too injured to fight recklessly!
You are too injured to fight recklessly!
You are too injured to fight recklessly!
Okay, then.
You barely miss the ogre. The ogre barely misses you.
You hit the ogre but do no damage. The ogre closely misses you.
You closely miss the ogre. The ogre hits you with a giant club!!
Ouch! That really hurt!
You die...

,#...............................
,###########.####################
,*,,,,,* #.# *,,,,,,,,,, ,*,***,*
#.# *,******### ,*,* *,* #.#
*,*,,,,.... ,*,* *,* #.#
*,*,***#### ,*,* *,* #.#
*,*,,,,,,,. ,*,* *,*
#.##########,*******## ,*,* *,*
#....@O....#,,,,,,,,,, ,*,***,*
##########.#********** ,*,,,,,*
*,**,******,,,,, ,****,,*
*,,,,,,,,,*,**** ,* *,,*
*,**,****,*,,,,, ,* *,,*
*,**,*,,*,****** ,* *,,*
*,**,,<,,,,,,,,, ,* *,,*
*,*****,*,****** ,* *,,*
*,*,,,,,*,* *


You could see an ogre.

Vanquished Creatures
  The ghost of koelner the Stinger, an amateur DsVM (Ossuary)
  2 elf zombies (Ossuary)
  2 elf skeletons (D:4)
  A crimson imp (D:3)
  3 centaur zombies (Ossuary)
  2 human zombies (Ossuary)
  An orc wizard (D:4)
  Jessica (D:3)
  3 human skeletons (D:4)
  2 mummies (Ossuary)
  3 adders
  2 oozes (D:2)
  A worm (D:3)
  4 dart slugs
  2 leopard geckos (D:3)
  6 orcs
  A ball python (D:4)
  8 bats
  A giant cockroach (D:3)
  6 goblins
  4 hobgoblins
  21 jackals
  A quokka (D:3)
  2 frilled lizards
  4 hobgoblin zombies (Ossuary)
  A jackal zombie (Ossuary)
  5 kobolds
  10 kobold zombies (Ossuary)
  An orc skeleton (D:4)
  9 orc zombies (Ossuary)
  A rat (D:3)
111 creatures vanquished.

Notes
Turn   | Place    | Note
-------+----------+-------------------------------------------
     0 | D:1      | KleinerIrrer the Gargoyle Fighter began the quest for the Orb.
     0 | D:1      | Reached XP level 1. HP: 14/14 MP: 1/1
    37 | D:1      | Reached XP level 2. HP: 17/19 MP: 2/2
   100 | D:1      | Reached XP level 3. HP: 14/23 MP: 3/3
   993 | D:2      | Reached XP level 4. HP: 27/28 MP: 4/4
  1429 | D:3      | Noticed a phantom
  1651 | D:3      | Reached skill level 3 in Maces & Flails
  2615 | D:3      | Found a burning altar of Makhleb.
  2663 | D:3      | Noticed Jessica
  2670 | D:3      | Killed Jessica
  2947 | D:3      | Found a bloodstained altar of Trog.
  3018 | D:3      | Reached skill level 1 in Dodging
  3018 | D:3      | Reached XP level 5. HP: 33/33 MP: 5/5
  3348 | D:4      | Found a sand-covered staircase.
  3361 | D:4      | Reached skill level 4 in Maces & Flails
  3361 | D:4      | Reached XP level 6. HP: 34/39 MP: 6/6
  3365 | Ossuary  | Entered an ossuary
  3369 | Ossuary  | Noticed koelner's ghost (amateur DsVM)
  3376 | Ossuary  | Killed koelner's ghost
  3526 | Ossuary  | Reached skill level 5 in Maces & Flails
  3526 | Ossuary  | Reached XP level 7. HP: 25/44 MP: 7/7
  3695 | Ossuary  | Reached skill level 5 in Fighting
  3695 | Ossuary  | Reached skill level 5 in Shields
  3759 | D:4      | Reached skill level 6 in Maces & Flails
  3988 | D:4      | Reached XP level 8. HP: 35/49 MP: 8/8
  4158 | D:4      | Slain by an ogre

Skill      XL: |  1  2  3  4  5  6  7 |
---------------+----------------------+-----
Armour         | 4 |  4.1
Maces & Flails | 3 4 5 6 |  6.3
Fighting       | 4 5 |  5.2
Dodging        | 1 |  1.8
Shields        | 4 5 |  5.2

Action                   |  1- 3 |  4- 6 |  7- 9 || total
-------------------------+-------+-------+-------++-------
Melee: Flail             |   120 |   262 |   139 ||   521
  Use: Scroll            |     1 |     6 |     1 ||     8
       Potion            |       |     1 |     1 ||     2
  Eat: Chunk             |       |     5 |       ||     5
       Bread ration      |       |     1 |     1 ||     2
Armor: Scale mail        |    39 |       |       ||    39
       Leather armour    |    24 |   106 |    46 ||   176
Dodge: Dodged            |    41 |    91 |    38 ||   170
Block: Shield            |    65 |   125 |    52 ||   242
